 Dungeon Crawl Stone Soup version 0.29.1-15-g9cfb28693d (webtiles) character file.

Game seed: 8206242458132062627

49 leafyfresh the Covert (level 3, 0/26 HPs)
             Began as an Octopode Delver on Feb 24, 2023.
             Slain by a hound (4 damage)
             ... on level 5 of the Dungeon.
             The game lasted 00:00:55 (576 turns).

leafyfresh the Covert (Octopode Delver)              Turns: 576, Time: 00:00:56

Health: 0/26       AC:  1    Str: 11    XL:     3   Next: 77%
Magic:  3/3        EV: 13    Int: 14    God:
Gold:   19         SH:  0    Dex: 13    Spells: 2/2 levels left

rFire   . . .      SeeInvis .   a - +0 short sword
rCold   . . .      Faith    .   (no shield)
rNeg    . . .      Spirit   .   (helmet restricted)
rPois   .          Reflect  .   (no amulet)
rElec   .          Harm     .   (no ring)
rCorr   .          Rampage  .   (no ring)
Will    .....                   (no ring)
Stlth   +++++.....              (no ring)
HPRegen 0.08/turn               (no ring)
MPRegen 0.08/turn               (no ring)
                                (no ring)
                                (no ring)

@: no status effects
A: almost no armour, amphibious, 8 rings, camouflage 1, gelatinous body 1,
(nimble swimmer 1), tentacles
a: no special abilities


You were on level 5 of the Dungeon.
You visited 1 branch of the dungeon, and saw 2 of its levels.

You collected 19 gold pieces.

Inventory:

Hand Weapons
 a - a +0 short sword (weapon)
Jewellery
 g - an amulet of regeneration
Wands
 f - a wand of digging (3)
Scrolls
 b - a scroll of fog
 c - a scroll of magic mapping
 i - a scroll of enchant armour {unknown}
Potions
 e - a potion of haste
 h - a potion of lignification {unknown}
 j - a potion of attraction {unknown}


   Skills:
 - Level 3.0 Fighting
 - Level 2.0 Short Blades
 - Level 2.0 Dodging
 + Level 8.3 Stealth


You had 2 spell levels left.
You didn't know any spells.
Your spell library was empty.

Dungeon Overview and Level Annotations

Branches:
Dungeon (6/15)
 Temple: D:4-7

Altars:


Innate Abilities, Weirdness & Mutations

You cannot wear most types of armour.
You are amphibious.
You can wear up to eight rings at the same time.
Your skin changes colour to match your surroundings (Stealth+).
Your rubbery body absorbs attacks. (AC +1, EV +1)
((You are camouflaged when in or above water. (Stealth+)))
You have tentacles for arms and can constrict up to eight enemies at once.


Message History

You feel sick.
You feel sick.
You are no longer poisoned.
A hound comes into view.
A hound is nearby!
A hound is nearby!
A hound is nearby!
Unknown command.
The hound barks!
A phantom comes into view.
An ice beast comes into view.
The hound attacks as you move away! The hound bites you. The hound bites you.
The hound attacks as you move away! The hound bites you.
The hound closely misses you. The hound closely misses you.
The hound attacks as you move away! The hound bites you but does no damage.
The hound bites you.
* * * LOW HITPOINT WARNING * * *
You hit the hound. You grab the hound. You squeeze the hound.
The hound is moderately wounded.
You constrict the hound, but do no damage.
The hound bites you.
* * * LOW HITPOINT WARNING * * *
You hit the hound but do no damage.
The hound is moderately wounded.
You constrict the hound. The hound barely misses you. x2
You barely miss the hound.
The hound is moderately wounded.
You constrict the hound. The hound closely misses you.
Unknown command.
As you read the scroll of fear, it crumbles to dust.
You assume a fearsome visage.
The phantom is unaffected.
The hound looks frightened!
You constrict the hound, but do no damage.
Cornered, the hound turns to fight!
Unknown command.
You release your grip on the hound.
The hound attacks as you move away! The hound bites you.
You die...

....###..###.#Y.
#..........W..
...#.###......#..
#....†...#####
......##.W##
...##......##
....#.......##
#..........#########..
##..........Wh@.......
##........###########
+#..[....# ##).....#
+#....(..# #
##........#
.###.........#
..#..........#
#.....[[.....##


You could see a phantom and a hound.

Vanquished Creatures
  An iguana (D:5)
  2 adders (D:5)
  3 orcs (D:5)
6 creatures vanquished.

Notes
Turn   | Place    | Note
-------+----------+-------------------------------------------
     0 | D:5      | leafyfresh the Octopode Delver began the quest for the Orb.
     0 | D:5      | Reached XP level 1. HP: 16/16 MP: 1/1
    19 | D:5      | Noticed an iguana
    28 | D:5      | Killed an iguana
    29 | D:5      | Reached skill level 7 in Stealth
    29 | D:5      | Reached XP level 2. HP: 5/21 MP: 2/2
    29 | D:5      | Reached XP level 3. HP: 7/26 MP: 3/3
   495 | D:5      | Reached skill level 8 in Stealth
   561 | D:5      | Noticed a phantom
   562 | D:5      | Noticed an ice beast
   576 | D:5      | Slain by a hound

Illustrated notes

Levels and vault maps discovered:
D:5:      layout_rooms, nemelex_diamond_rough_becter
D:6:      nicolae_cairo_tiling, layout_gridville, temple_statues,
          minmay_misc_feat_iff

Skill      XL: |  1  2  3 |
---------------+----------+-----
Stealth        | 7 8 |  8.3
Fighting       | |  3.0
Short Blades   | |  2.0
Dodging        | |  2.0

Action                   || total
-------------------------++-------
Melee: Short sword       ||    24
       Constrict         ||     7
       Tentacles         ||     3
  Use: Scroll            ||     1
 Stab: Sleeping          ||     1
Armor: Skin              ||     5
Dodge: Dodged            ||    16
